 Dungeon Crawl Stone Soup version 0.31.0-9-g3a7656b989 (webtiles) character file.

Game seed: 12219042003347479470

252 qw the Skirmisher (level 5, -7/30 HPs)
             Began as a Deep Elf Hunter on Feb 2, 2024.
             Killed by nerve-wracking pain
             ... invoked by an orc priest
              (14 damage)
             ... on level 4 of the Dungeon.
             The game lasted 00:00:13 (2695 turns).

qw the Skirmisher (Deep Elf Hunter)                 Turns: 2695, Time: 00:00:13

Health: -7/30      AC: 11    Str: 10    XL:     5   Next: 89%
Magic:  7/7        EV: 12    Int: 14    God:
Gold:   182        SH:  0    Dex: 24    Spells: 4/4 levels left

rFire   . . .        a - +0 shortbow
rCold   . . .        (shield currently unavailable)
rNeg    . . .        k - +0 ring mail
rPois   .            c - +2 hat
rElec   .            j - +2 cloak
rCorr   .            (no gloves)
SInv    .            e - +0 pair of boots
Will    .....        (no amulet)
Stlth   ++           m - +6 ring of dexterity
HPRegen 0.25/turn    (no ring)
MPRegen 0.10/turn

%: no passive effects
@: no status effects
A: no striking features
a: no special abilities


You were on level 4 of the Dungeon.
You visited 1 branch of the dungeon, and saw 4 of its levels.

You collected 182 gold pieces.


   Skills:
 + Level 1.9 Fighting
 - Level 9.0 Ranged Weapons
 - Level 3.3 Dodging
 - Level 1.2 Stealth


You had 4 spell levels left.
You didn't know any spells.
Your spell library was empty.

Inventory:

Hand Weapons
 a - a +0 shortbow (weapon)
Armour
 c - a +2 hat (worn)
 e - a +0 pair of boots (worn)
 j - a +2 cloak (worn)
 k - a +0 ring mail (worn)
Jewellery
 m - a +6 ring of dexterity (left hand)
Wands
 g - a wand of roots (5)
Scrolls
 f - 3 scrolls of teleportation
 l - 2 scrolls of identify
Potions
 b - 2 potions of enlightenment
 d - a potion of curing
 h - a potion of haste
 i - 3 potions of heal wounds

Dungeon Overview and Level Annotations

Branches:
Dungeon (4/15)
 Temple: D:4-7

Altars:
Elyvilon
Hepliaklqana
Makhleb
Trog
Wu Jian
Zin
The Shining One


Message History

You shoot an arrow. The arrow closely misses the orc.
The orc priest shouts!
The arrow hits the plant!
The plant begins to die.
The plant is lightly damaged.
You shoot an arrow. The arrow hits the orc.
The orc is heavily wounded.
The orc priest looks braver for a moment.
The orc priest invokes the aid of Beogh against you.
Beogh smites you!
You shoot an arrow. The arrow barely misses the orc.
The arrow hits the plant.
The plant is lightly damaged.
You shoot an arrow. The arrow hits the orc.
You kill the orc!
The orc priest looks encouraged for a moment.
You shoot an arrow.
The arrow closely misses the orc priest.
A nearby plant withers and dies.
You shoot an arrow.
The arrow hits the orc priest but does no damage.
The orc priest barely misses you. The orc priest closely misses you.
You shoot an arrow. The arrow hits the orc priest.
The orc priest is lightly wounded.
The orc priest hits you with a +0 flail.
You shoot an arrow. The arrow barely misses the orc priest.
The orc priest hits you but does no damage.
The orc priest looks satisfied for a moment.
You shoot an arrow. The arrow barely misses the orc priest.
The orc priest invokes the aid of Beogh against you.
Beogh smites you!
You shoot an arrow. The arrow barely misses the orc priest.
The orc priest hits you but does no damage.
The orc priest miscasts a cantrip.
You shoot an arrow.
The arrow closely misses the orc priest.
The orc priest hits you with a +0 mace.
The orc priest calls upon Beogh to heal the orc priest.
The orc priest's wounds heal themselves!
The orc priest mumbles some strange prayers to Beogh against you.
Pain shoots through your body!
You die...

#.....P....¤.P..
##.=....P..¤P.P.# ###
#####...#####..##.....#
#.....#........####.####
..#.....########.......#
......>.#######........#
#...###.#8.._##........#
..#####.#....##.##.)####
........'....##.#...#


You could see 3 orc priests.

Vanquished Creatures
  A bombardier beetle (D:3)
  Ijyb (D:4)
  An iguana (D:4)
  Robin (D:4)
  7 adders
  2 ribbon worms
  2 dart slugs
  2 orcs (D:4)
  A ball python (D:3)
  5 bats
  6 endoplasms
  6 giant cockroaches
  15 goblins
  7 hobgoblins
  4 jackals (D:3)
  A quokka (D:1)
  3 frilled lizards (D:2)
  7 kobolds
  9 rats
81 creatures vanquished.

Notes
Turn   | Place    | Note
-------+----------+-------------------------------------------
     0 | D:1      | qw the Deep Elf Hunter began the quest for the Orb.
     0 | D:1      | Reached XP level 1. HP: 12/12 MP: 3/3
     0 | D:1      | 0 ||| qw: Version: 0.3-a-155-g5e7d8dd
     0 | D:1      | 0 ||| qw: Game counter: 1479
     0 | D:1      | 0 ||| qw: Melee chars always use a shield: true
     0 | D:1      | 0 ||| qw: God list: Okawaru
     0 | D:1      | 0 ||| qw: Allow faded altars: false
     0 | D:1      | 0 ||| qw: Do Orc after clearing Dungeon:15 true
     0 | D:1      | 0 ||| qw: Do second Lair branch before Depths: true
     0 | D:1      | 0 ||| qw: Lair rune preference: random
     0 | D:1      | 0 ||| qw: Goals: Normal
     0 | D:1      | 0 ||| PLANNING D:1-11
    38 | D:1      | Reached XP level 2. HP: 16/16 MP: 4/4
    57 | D:1      | Reached skill level 6 in Ranged Weapons
   225 | D:1      | 225 ||| UPGRADING to +0 pair of boots.
   230 | D:1      | 230 ||| UPGRADING to +0 scale mail.
   242 | D:1      | 242 ||| DROPPING +0 leather armour.
   243 | D:1      | 243 ||| UPGRADING to +0 helmet.
   578 | D:1      | 578 ||| UPGRADING to +2 hat.
   588 | D:1      | 588 ||| DROPPING +0 helmet.
   589 | D:1      | 589 ||| READING 3 scrolls labelled CUGAISHRATEDGH.
   589 | D:1      | 589 ||| IDENTIFYING red potion
   590 | D:1      | 590 ||| READING 2 scrolls of identify.
   590 | D:1      | 590 ||| IDENTIFYING metallic silvery potion
   591 | D:1      | 591 ||| READING scroll of identify.
   591 | D:1      | 591 ||| IDENTIFYING metallic red potion
   592 | D:1      | 592 ||| DROPPING scroll of butterflies.
   593 | D:1      | 593 ||| DROPPING potion of magic.
   694 | D:2      | Found an ornate altar of the Wu Jian Council.
   699 | D:2      | Reached XP level 3. HP: 20/20 MP: 5/5
   754 | D:2      | Reached skill level 7 in Ranged Weapons
   971 | D:2      | Reached XP level 4. HP: 25/25 MP: 6/6
  1115 | D:2      | 1115 ||| UPGRADING to +2 cloak.
  1120 | D:2      | 1120 ||| UPGRADING to +0 ring mail.
  1130 | D:2      | 1130 ||| DROPPING +0 scale mail.
  1131 | D:2      | 1131 ||| UPGRADING to +6 ring of dexterity.
  1132 | D:2      | 1132 ||| READING 2 scrolls of identify.
  1132 | D:2      | 1132 ||| IDENTIFYING grey potion
  1133 | D:2      | 1133 ||| READING scroll of identify.
  1133 | D:2      | 1133 ||| IDENTIFYING fizzy sapphire potion
  1134 | D:2      | 1134 ||| READING scroll labelled GIUGOE LURO.
  1160 | D:3      | Found a glowing golden altar of the Shining One.
  1160 | D:3      | Found an ornate altar of the Wu Jian Council.
  1194 | D:3      | Found a white marble altar of Elyvilon.
  1334 | D:3      | Found a burning altar of Makhleb.
  1527 | D:3      | Reached skill level 8 in Ranged Weapons
  1636 | D:3      | Reached XP level 5. HP: 24/29 MP: 7/7
  2051 | D:3      | 2051 ||| DROPPING scarf of invisibility.
  2052 | D:3      | 2052 ||| DROPPING ring of magical power.
  2053 | D:3      | 2053 ||| READING scroll labelled JOIXALI FEGU.
  2060 | D:3      | 2060 ||| READING scroll labelled PUASEI QIOM.
  2098 | D:4      | Noticed Ijyb
  2109 | D:4      | Killed Ijyb
  2110 | D:4      | Reached skill level 3 in Dodging
  2110 | D:4      | 2110 ||| FLEEEEING.
  2111 | D:4      | 2111 ||| STAIRDANCE
  2239 | D:4      | 2239 ||| FLEEEEING.
  2240 | D:4      | 2240 ||| FLEEEEING.
  2241 | D:4      | 2241 ||| FLEEEEING.
  2249 | D:4      | Noticed Robin
  2259 | D:4      | Killed Robin
  2260 | D:4      | Reached skill level 9 in Ranged Weapons
  2366 | D:4      | Found a bloodstained altar of Trog.
  2426 | D:4      | Found a glowing silver altar of Zin.
  2426 | D:4      | Noticed an angel
  2441 | D:4      | 2441 ||| FLEEEEING.
  2442 | D:4      | 2442 ||| FLEEEEING.
  2442 | D:4      | Found a hazy altar of Hepliaklqana.
  2443 | D:4      | 2443 ||| FLEEEEING.
  2444 | D:4      | 2444 ||| FLEEEEING.
  2445 | D:4      | 2445 ||| FLEEEEING.
  2446 | D:4      | 2446 ||| FLEEEEING.
  2447 | D:4      | 2447 ||| FLEEEEING.
  2448 | D:4      | 2448 ||| FLEEEEING.
  2449 | D:4      | 2449 ||| STAIRDANCE
  2514 | D:4      | 2514 ||| STAIRDANCE
  2695 | D:4      | HP: 7/30 [orc priest/+0 mace (1)]
  2695 | D:4      | Killed from afar by an orc priest

Levels and vault maps discovered:
D:1:      scummos_arrival_hexagon, layout_rooms, serial_forest,
          infiniplex_forest_clump_long, infiniplex_forest_clump_tiny,
          infiniplex_forest_corner_1, infiniplex_forest_3_way,
          infiniplex_forest_clump_diagonal, infiniplex_forest_clump_curved,
          infiniplex_forest_corner_1, infiniplex_forest_straight_4,
          hangedman_glass_teeth
D:2:      layout_basic, basic_altar, minivault_14, minmay_misc_feat_four_crosses
D:3:      layout_basic, elyvilon_altar_1, mainiacjoe_overflow_large_starburst,
          general_overflow_altar
D:4:      layout_rooms, zin_angel, nicolae_hepliaklqana_hazy_memory,
          trog_three_pillars_becter, serial_glass, glass_columns_a,
          glass_columns_b, uniq_robin, uniq_ijyb

Skill      XL: |  1  2  3  4  5 |
---------------+----------------+-----
Ranged Weapons | 6 7 8 9 |  9.0
Dodging        | 3 |  3.3
Fighting       | |  1.9
Stealth        | |  1.2

Action                     |  1- 3 |  4- 6 || total
---------------------------+-------+-------++-------
   Fire: Shortbow          |   101 |   141 ||   242
    Use: Scroll            |     3 |     5 ||     8
 Armour: Scale mail        |    22 |       ||    22
         Leather armour    |     3 |       ||     3
         Ring mail         |       |    49 ||    49
  Dodge: Dodged            |    30 |    32 ||    62

Table legend:
 A = Non-vault XP
 B = Vault XP
 C = Vault XP percentage of total XP
 D = Non-vault monster count
 E = Vault monster count
 F = Vault count percentage of total count
                 A         B        C        D         E       F
            +---------+---------+-------+---------+---------+-------
      Total |     287 |      73 |  20.3 |      68 |      13 |  16.0
            +---------+---------+-------+---------+---------+-------
        D:1 |      34 |       0 |   0.0 |      20 |       0 |   0.0
        D:2 |      65 |       0 |   0.0 |      17 |       0 |   0.0
        D:3 |     109 |       0 |   0.0 |      20 |       0 |   0.0
        D:4 |      79 |      73 |  48.0 |      11 |      13 |  54.2
            +---------+---------+-------+---------+---------+-------
